 Dungeon Crawl Stone Soup version 0.26-a0-497-g0187308201 (webtiles) character file.

Game seed: 6773557832930356371

7361 BeastOfSaturn the Martial Artist (level 10, -11/68 HPs)
             Began as a Demonspawn Venom Mage on Aug 6, 2020.
             Was an Initiate of Ru.
             Mangled by a troll (shapeshifter) (17 damage)
             ... on level 9 of the Dungeon.
             The game lasted 00:30:43 (14504 turns).

BeastOfSaturn the Martial Artist (DsVM)            Turns: 14504, Time: 00:30:43

Health: -11/68     AC:  6    Str: 11    XL:     10   Next: 91%
Magic:  0/21       EV: 12    Int: 17    God:    Ru [......]
Gold:   185        SH:  4    Dex: 14    Spells: 16/24 levels left

rFire    . . .     SeeInvis .     - Unarmed
rCold    . . .     Faith    .   (no shield)
rNeg     . . .     Spirit   +   C - +1 robe of Impermeability {rElec MR+}
rPois    .         Reflect  .   (no helmet)
rElec    +         Harm     .   r - +1 cloak
rCorr    .                      (gloves unavailable)
MR       +....                  s - +0 pair of boots
Stlth    ++........             F - amulet of the acrobat
HPRegen  0.21/turn              (no ring)
MPRegen  0.17/turn              (no ring)

@: no status effects
A: claws 3, large bone plates 1, magic shield, rot immunity
a: Renounce Religion


You were on level 9 of the Dungeon.
You worshipped Ru.
Ru was noncommittal.
You visited 2 branches of the dungeon, and saw 10 of its levels.

You collected 527 gold pieces.
You spent 342 gold pieces at shops.

Inventory:

Hand Weapons
 g - a +0 hand axe
 m - a +2 spear of venom
 w - the +4 short sword of Zichi {holy, Int+7 Stlth+, unknown}
   (You found it on level 6 of the Dungeon)

   It has been blessed by the Shining One to cause great damage to the undead
   and demons.
   It affects your intelligence (+7).
   It makes you more stealthy.
Armour
 a - a +0 robe
 r - a +1 cloak (worn)
 s - a +0 pair of boots (worn)
 t - a +0 ring mail
 C - the +1 robe of Impermeability (worn) {rElec MR+}
   (You found it on level 7 of the Dungeon)

   It insulates you from electricity.
   It affects your resistance to hostile enchantments.
 G - the +1 scale mail of Wu Jian's Vengeance {+Blink Int-3 Dex+5}
   (You bought it in a shop on level 9 of the Dungeon)

   It affects your intelligence (-3).
   It affects your dexterity (+5).
   It lets you blink.
Jewellery
 D - an uncursed ring of fire
 F - an amulet of the acrobat (around neck)
Wands
 n - a wand of random effects (50)
 o - a wand of paralysis (14)
 q - a wand of flame (18)
 y - a wand of acid (15)
Scrolls
 c - 10 scrolls of remove curse
 e - 3 scrolls of teleportation
 u - a scroll of blinking {unknown}
 z - a scroll of amnesia
 A - 2 scrolls of enchant weapon {unknown}
 B - 2 scrolls of identify
 E - a scroll of fog {unknown}
Potions
 b - a potion of mutation {unknown}
 d - a potion of lignification
 f - a potion of resistance {unknown}
 h - 2 potions of might
 i - 2 potions of curing
 k - a potion of ambrosia
 l - 3 potions of brilliance {unknown}
 p - a potion of haste {unknown}
 v - 2 potions of flight {unknown}
 x - a potion of cancellation {unknown}


   Skills:
 * Level 2.7 Fighting
 - Level 1.0(1.5) Axes
 - Level 1.7(2.0) Polearms
 - Level 2.0 Dodging
 - Level 1.7 Stealth
 * Level 10.9 Unarmed Combat
 * Level 7.7 Spellcasting
 - Level 0.8 Transmutations
 + Level 8.1 Poison Magic


You had 16 spell levels left.
You knew the following spells:

 Your Spells              Type           Power        Failure   Level
a - Sting                 Tmut/Pois      ###.         1%          1
b - Mephitic Cloud        Conj/Pois/Air  ###.....     11%         3
c - Olgreb's Toxic Radia  Pois           ####....     3%          4

Your spell library contained the following spells:

 Spells                   Type           Power        Failure   Level
 Poisonous Vapours        Pois/Air       ###...       3%          2
 Ignite Poison            Fire/Tmut/Pois ###.....     10%         3


Dungeon Overview and Level Annotations

Branches:
Dungeon (9/15)             Temple (1/1) D:5
   Lair: D:8-11         Orc: D:9-12

Altars:
Ashenzari
Cheibriados
Dithmenos
Elyvilon
Fedhas
Gozag
Hepliaklqana
Kikubaaqudgha
Makhleb
Nemelex Xobeh
Okawaru
Qazlal
Ru
Sif Muna
Trog
Uskayaw
Vehumet
Wu Jian
Xom
Yredelemnul
Zin
The Shining One

Shops:
D:6 (   D:9 [


Innate Abilities, Weirdness & Mutations

You have claws for hands.
You are partially covered in large bone plates. (SH +4)
When hurt, damage is shared between your health and your magic reserves.
You are immune to rotting.


Message History

You feel sick. The troll barely misses you. The troll closely misses you.
The troll claws you.
* * * LOW HITPOINT WARNING * * *
You feel better. The troll bites you!
* * * LOW HITPOINT WARNING * * *
The troll claws you.
* * * LOW HITPOINT WARNING * * *
The troll claws you!
* * * LOW HITPOINT WARNING * * *
You closely miss the troll.
The troll is moderately wounded.
The troll bites you.
* * * LOW HITPOINT WARNING * * *
The troll closely misses you. The troll claws you!
* * * LOW HITPOINT WARNING * * *
Unknown command.
Okay, then.
Okay, then.
You feel better. The troll bites you!
You die...

#.....# #.....# #.....# #.....#
######################...##
..................#.....## #####
###........................
.##.###.#.........###'###........
. #..#..#...)..T@.#.....#...>....
#####.###.).......#.♣.♣.#########
o#.##..##......)..+.._..'.#...###
#(.#.##....).)).((#.♣.♣.#........
.##o.#..#.).÷.....#.....#........
..###.###.....))..###'###........
##.#..#.#..........#..###########
.#.†##..#.#####......#..####..###
#########.# #......#..........#


You could see a troll shaped shifter.

Vanquished Creatures
  The ghost of sanka the Carver, a novice HaDe of Hepliaklqana (D:7)
  Pikel (D:4)
  A cyclops (D:9)
  A troll (D:9)
  Grinder (D:6)
  2 hippogriffs
  Duvessa (D:5)
  A black bear (D:6)
  3 orc warriors
  6 ice beasts
  2 sky beasts (D:7)
  4 ogres
  2 centaurs
  4 phantoms
  A necrophage (D:7)
  4 lemures
  Blork the orc (D:6)
  3 big kobolds
  A gnoll sergeant (D:9)
  5 bullfrogs
  A water moccasin zombie (D:8)
  A water moccasin skeleton (D:4)
  Dowan (D:5)
  6 scorpions
  3 killer bees (D:9)
  7 wights
  A howler monkey (D:6)
  3 jellies
  9 hounds
  5 bullfrog skeletons
  7 orc priests
  5 orc wizards
  A centaur skeleton (D:9)
  An iguana (D:6)
  5 worker ants
  3 hound skeletons
  2 howler monkey zombies (D:6)
  14 adders
  18 gnolls
  A shadow imp (D:5)
  8 white imps
  4 ufetubi
  2 oozes
  An adder skeleton (D:6)
  5 worms
  A dart slug (D:4)
  4 leopard geckos
  37 orcs
  5 ball pythons
  8 bats
  9 giant cockroaches
  3 goblins
  9 hobgoblins
  9 jackals
  12 kobolds
  2 quokkas
  2 frilled lizards
  A giant cockroach zombie (D:6)
  A leopard gecko simulacrum (D:7)
  A quokka skeleton (D:7)
  3 rats
266 creatures vanquished.

Notes
Turn   | Place    | Note
-------+----------+-------------------------------------------
     0 | D:1      | BeastOfSaturn the Demonspawn Venom Mage began the quest for
                  | the Orb.
     0 | D:1      | Reached XP level 1. HP: 13/13 MP: 3/3
   829 | D:2      | Gained mutation: When hurt, damage is shared between your
                  | health and your magic reserves. [demonic ancestry]
   829 | D:2      | Reached XP level 2. HP: 19/19 MP: 5/5
   854 | D:2      | Noticed an ogre
  1117 | D:2      | Killed an ogre
  1117 | D:2      | Reached XP level 3. HP: 24/24 MP: 0/7
  1117 | D:2      | Gained mutation: You are partially covered in large bone
                  | plates. (SH +4) [demonic ancestry]
  1117 | D:2      | Reached XP level 4. HP: 30/30 MP: 0/8
  1237 | D:2      | Learned a level 3 spell: Mephitic Cloud
  1242 | D:2      | Learned a level 4 spell: Olgreb's Toxic Radiance
  1255 | D:2      | Found an ornate altar of the Wu Jian Council.
  1799 | D:2      | Reached skill level 1 in Axes
  1799 | D:2      | Gained mutation: You are immune to rotting. [demonic
                  | ancestry]
  1799 | D:2      | Reached XP level 5. HP: 19/35 MP: 4/9
  2856 | D:3      | Reached skill level 5 in Poison Magic
  3268 | D:3      | Gained mutation: You have sharp fingernails. [demonic
                  | ancestry]
  3268 | D:3      | Reached XP level 6. HP: 37/41 MP: 11/11
  3321 | D:3      | Reached skill level 1 in Polearms
  4379 | D:4      | Noticed Pikel
  5240 | D:4      | Gained mutation: You have very sharp fingernails. [demonic
                  | ancestry]
  5240 | D:4      | Reached XP level 7. HP: 31/46 MP: 10/13
  5466 | D:4      | Killed Pikel
  5466 | D:4      | Reached skill level 1 in Unarmed Combat
  5466 | D:4      | Reached skill level 5 in Spellcasting
  5466 | D:4      | Gained mutation: You have claws for hands. [demonic
                  | ancestry]
  5466 | D:4      | Reached XP level 8. HP: 21/52 MP: 5/16
  6287 | D:5      | Entered Level 5 of the Dungeon
  6291 | D:5      | Reached skill level 2 in Unarmed Combat
  6665 | D:5      | Found a staircase to the Ecumenical Temple.
  6684 | Temple   | Entered the Ecumenical Temple
  6860 | Temple   | Became a worshipper of Ru the Awakened
  6892 | D:5      | Noticed Dowan
  6893 | D:5      | Noticed Duvessa
  6902 | D:5      | Killed Dowan
  6903 | D:5      | Killed Duvessa
  6903 | D:5      | Reached skill level 3 in Unarmed Combat
  7169 | D:5      | Found a sparkling altar of Nemelex Xobeh.
  7170 | D:5      | Found an ancient bone altar of Kikubaaqudgha.
  7170 | D:5      | Found a glowing silver altar of Zin.
  7171 | D:5      | Found a snail-covered altar of Cheibriados.
  7321 | D:5      | Reached skill level 4 in Unarmed Combat
  8136 | D:6      | Reached skill level 5 in Unarmed Combat
  8178 | D:6      | Noticed Blork the orc
  8184 | D:6      | Reached XP level 9. HP: 54/57 MP: 7/18
  8186 | D:6      | Killed Blork the orc
  8377 | D:6      | Got a smouldering short sword
  8509 | D:6      | Reached skill level 6 in Unarmed Combat
  8717 | D:6      | Found a hide-covered altar of Uskayaw.
  8817 | D:6      | Noticed Grinder
  8858 | D:6      | Paralysed by Grinder for 5 turns
  8865 | D:6      | Killed Grinder
  9019 | D:6      | Reached skill level 7 in Unarmed Combat
  9183 | D:6      | Found Qoubag's Weapon Boutique.
  9490 | D:7      | Found a runed translucent gate.
  9490 | D:7      | Found a runed translucent gate.
  9490 | D:7      | Found a runed translucent gate.
  9769 | D:7      | Noticed sanka's ghost (novice HaDe)
  9911 | D:7      | Reached skill level 8 in Unarmed Combat
 10524 | D:7      | Got a fabulously ornate robe
 10535 | D:7      | Identified the +1 robe of Impermeability {rElec MR+} (You
                  | found it on level 7 of the Dungeon)
 10770 | D:7      | Reached XP level 10. HP: 41/64 MP: 14/20
 11097 | D:7      | Killed sanka's ghost
 11097 | D:7      | Reached skill level 1 in Fighting
 11097 | D:7      | Reached skill level 9 in Unarmed Combat
 12277 | D:8      | Found a radiant altar of Vehumet.
 12976 | D:9      | Found Kotejium's Antique Armour Emporium.
 13259 | D:9      | Reached skill level 10 in Unarmed Combat
 13272 | D:9      | Bought a jewelled scale mail for 342 gold pieces
 13282 | D:9      | Identified the +1 scale mail of Wu Jian's Vengeance {+Blink
                  | Int-3 Dex+5} (You bought it in a shop on level 9 of the
                  | Dungeon)
 13685 | D:9      | Found a hazy altar of Hepliaklqana.
 13954 | D:9      | HP: 3/67 [acid (8)]
 14252 | D:9      | Noticed a cyclops
 14265 | D:9      | Killed a cyclops
 14479 | D:9      | Noticed a lindwurm
 14479 | D:9      | a hippogriff changed into a lindwurm
 14492 | D:9      | Noticed a black mamba
 14492 | D:9      | a lindwurm changed into a black mamba
 14499 | D:9      | a black mamba changed into a troll
 14503 | D:9      | HP: 1/68 [troll (shapeshifter) (7)]
 14504 | D:9      | Mangled by a troll (shapeshifter)

Illustrated notes

Levels and vault maps discovered:
D:1:      eino_arrival_water_star, layout_basic
D:2:      layout_basic, lemuel_altar_in_water
D:3:      layout_loops_ring
D:4:      minmay_recursive_quarters, layout_loops_ring, uniq_pikel
D:5:      layout_loops_corners, chequers_temple_overflow_statue_of_worship,
          temple_fountains, grunt_tough_drop, uniq_duvessa
D:6:      layout_loops_cross, eat_drink_and_be_merry_uskayaw, serial_shops,
          shop, minmay_checkerbox, uniq_grinder, uniq_blork_the_orc
D:7:      layout_rooms, gammafunk_ghost_icy, minivault_26,
          kennysheep_generic_room_12
D:8:      layout_layer_cave, basic_altar
D:9:      minmay_the_grid_3x2 [minmay_the_grid_holed_spiral,
          minmay_the_grid_eight, minmay_the_grid_embedded,
          minmay_the_grid_minigrid_medium, minmay_the_grid_all_tris,
          minmay_the_grid_prize_shrinking_boxes], layout_gridville,
          kennysheep_little_box, serial_shops, shop_fountains
Temple:   regret_index_temple_sphere_string

Skill      XL: |  1  2  3  4  5  6  7  8  9 10 |
---------------+-------------------------------+-----
Dodging        | 2 |  2.0
Poison Magic   | 4 5 6 7 8 |  8.1
Spellcasting   | 3 4 5 6 7 |  7.7
Axes           | 1 |  1.0
Polearms       | 1 |  1.7
Unarmed Combat | 1 5 8 10 | 10.9
Fighting       | 2 |  2.7
Stealth        | |  1.7
Transmutations | |  0.8

Action                   |  1- 3 |  4- 6 |  7- 9 | 10-12 || total
-------------------------+-------+-------+-------+-------++-------
Melee: Unarmed           |     4 |       |   446 |   292 ||   742
       Hand axe          |     1 |    38 |       |       ||    39
       Spear             |       |   188 |     3 |       ||   191
       Punch             |       |       |     9 |    10 ||    19
 Cast: Sting             |    17 |    36 |     8 |       ||    61
       Olgreb's Toxic Ra |       |     2 |    12 |    14 ||    28
       Mephitic Cloud    |       |       |     1 |     2 ||     3
Invok: Reject Sacrifices |       |       |     1 |       ||     1
  Use: Scroll            |       |     3 |     8 |       ||    11
       Potion            |       |       |       |     8 ||     8
 Stab: Sleeping          |     1 |     9 |     1 |     3 ||    14
       Confused          |       |       |     2 |       ||     2
Armor: Robe              |     2 |    25 |     7 |    79 ||   113
       Ring mail         |       |       |   134 |       ||   134
       Skin              |       |       |       |     8 ||     8
Dodge: Dodged            |    26 |   102 |   189 |   166 ||   483
Block: Other             |       |    32 |    60 |    50 ||   142

Table legend: (Time is in decaauts)
 A = Elapsed time spent in this place.
 B = Non-inter-level travel time spent in this place.
 C = Inter-level travel time spent in this place.
 D = Time resting spent in this place.
 E = Time spent auto-exploring this place.
 F = Levels seen in this place.
 G = Mean time per level.
                   A        B        C        D        E       F      G
               +--------+--------+--------+--------+--------+-----+--------+
         Total |  14436 |  14012 |    424 |   3343 |   8442 |  10 | 1443.6 |
       Dungeon |  14246 |  13854 |    392 |   3343 |   8286 |   9 | 1582.9 |
        Temple |    189 |    157 |     32 |      0 |    156 |   1 |  189.0 |
               +--------+--------+--------+--------+--------+-----+--------+

Top non-repeatable levels by time:
     D:4: 2149 daAuts
     D:6: 1719 daAuts
     D:8: 1683 daAuts
     D:9: 1522 daAuts
     D:7: 1510 daAuts
     D:5: 1507 daAuts
     D:3: 1485 daAuts
     D:2: 1375 daAuts
     D:1: 1293 daAuts
  Temple: 189 daAuts
